 Dungeon Crawl Stone Soup version 0.18-b1-14-g029dad2 (webtiles) character file.

442 Alarkh the Ruffian (level 6, -5/47 HPs)
             Began as a Draconian Transmuter on Apr 30, 2016.
             Slain by a mummy (16 damage)
             ... in an ossuary.
             The game lasted 00:05:35 (3435 turns).

Alarkh the Ruffian (Draconian Transmuter)           Turns: 3435, Time: 00:05:36

Health: -5/47      AC:  9    Str: 12    XL:     6   Next: 71%
Magic:  8/9        EV: 12    Int: 16    God:
Gold:   202        SH:  0    Dex: 11    Spells: 3 memorised, 1 level left

rFire  + . .     SeeInvis .       - Unarmed
rCold  . . .     Gourm    .     (armour unavailable)
rNeg   . . .     Faith    .     (no shield)
rPois  .         Spirit   .     (helmet restricted)
rElec  .         Dismiss  .     (no cloak)
rCorr  .         Reflect  .     a - +2 pair of gloves
SustAt .         Harm     .     (no boots)
MR     .....     Rnd*Tele +     (no amulet)
Stlth  +.........               d - ring of protection from fire
                                u - ring of teleportation (curse)

@: appendage, slowed, very slow, not resistant to hostile enchantments, very
unstealthy
A: unfitting armour, horns 2, cold-blooded, AC +6
a: End Transformation


You were in an ossuary.
You were not hungry.
You had grown temporary horns.
You visited 1 branch of the dungeon, and saw 4 of its levels.
You also visited: Ossuary.

You collected 202 gold pieces.

Inventory:

Hand Weapons
 l - a +2 dagger of electrocution
Armour
 a - a +2 pair of gloves (worn)
Jewellery
 d - a ring of protection from fire (right hand)
 u - a cursed ring of teleportation (left hand)
Scrolls
 e - 2 scrolls of magic mapping
 g - a scroll of enchant armour {unknown}
 j - a scroll of fog {unknown}
 k - a scroll of identify {unknown}
 n - a scroll of amnesia {unknown}
 o - a scroll of enchant weapon
 p - a scroll of random uselessness {unknown}
 r - a scroll of remove curse {unknown}
 x - a scroll of noise {unknown}
 y - 2 scrolls of fear {unknown}
Potions
 h - a potion of curing
 m - a potion of magic
 s - a potion of might {unknown}
 t - a potion of cure mutation {unknown}
Books
 b - a book of Changes

   Spells                             Type                      Level
   a - Beastly Appendage              Transmutation                1
   b - Sticks to Snakes               Transmutation                2
   c - Spider Form                    Transmutation/Poison         3
   d - Ice Form                       Ice/Transmutation            4
   e - Blade Hands                    Transmutation                5
Comestibles
 c - 2 bread rations
 i - 4 meat rations
 w - a slice of pizza


   Skills:
 - Level 1.1 Fighting
 - Level 1.7 Dodging
 + Level 7.7 Unarmed Combat
 - Level 2.0 Spellcasting
 - Level 2.0 Transmutations


You had one spell level left.
You knew the following spells:

 Your Spells              Type           Power        Failure   Level  Hunger
a - Beastly Appendage     Trmt           #.....       10%         1    #......
b - Spider Form           Trmt/Pois      #.........   38%         3    ###....
c - Ice Form              Ice/Trmt       #.......     96%         4    #####..


Dungeon Overview and Level Annotations

Branches:
Dungeon (4/15)
 Temple: D:4-7

Altars:
Ashenzari
Cheibriados
Nemelex Xobeh
Qazlal
Yredelemnul


Innate Abilities, Weirdness & Mutations

Your plain brown scales are hard (AC +6).
Your body does not fit into most forms of armour.
You are cold-blooded and may be slowed by cold attacks.
You have a pair of horns on your head.


Message History

You hit the adder zombie.
Your tail-slap misses the adder zombie.
The adder zombie bites you but does no damage.
The mummy hits you!
* * * LOW HITPOINT WARNING * * *
The adder zombie barely misses you.
You barely miss the adder zombie.
The adder zombie bites you but does no damage.
The mummy splashes around in the water.
Casting: Beastly Appendage
Confirm with . or Enter, or press ? or * to list all spells.
You grow a pair of large bovine horns.
The adder zombie closely misses you.
The adder zombie bites you but does no damage.
The mummy hits you but does no damage.
Unknown command.
Your unstable footing causes you to fumble your attack.
The adder zombie bites you but does no damage.
Your unstable footing causes you to fumble your attack.
The adder zombie bites you but does no damage.
The mummy hits you!
You die...

#####.###
#.#...#≈≈P#
#≈#.∩.'≈##
#Z#∩..#≈.n#
#≈#####≈≈≈≈#
+.+ .## #.#
# #Z# #@#
#M# #n#


ZM. .#'#. #.≈P#.≈ # #≈≈ #≈ #≈≈ #≈ ≈#≈ ≈# You could see a decayed bog body, 2
mummies, an adder zombie, a wyvern zombie and a worker ant zombie.

Vanquished Creatures
  3 bog bodies (Ossuary)
  3 orc priests (D:4)
  A hound (D:4)
  3 orc wizards
  5 adders
  An ooze (D:1)
  2 dart slugs
  2 worms
  3 giant geckos
  7 orcs
  4 giant cockroaches
  9 goblins
  12 hobgoblins
  3 jackals (D:3)
  3 kobolds
  A quokka (D:2)
  A ball python (D:3)
  6 bats
  2 giant newts
  5 rats
  A spectral orc (D:3)
77 creatures vanquished.

Vanquished Creatures (others)
  2 giant geckos (D:4)
  2 giant cockroaches (D:4)
  3 withered plants (Ossuary)
7 creatures vanquished.

Grand Total: 84 creatures vanquished

Notes
Turn   | Place    | Note
--------------------------------------------------------------
     0 | D:1      | Alarkh the Draconian Transmuter began the quest for the Orb.
     0 | D:1      | Reached XP level 1. HP: 16/16 MP: 3/3
   329 | D:1      | Reached XP level 2. HP: 20/23 MP: 3/5
   380 | D:1      | Found a shattered altar of Ashenzari.
   691 | D:2      | Reached skill level 4 in Unarmed Combat
   737 | D:2      | Reached XP level 3. HP: 25/28 MP: 4/6
   742 | D:2      | Learned a level 3 spell: Spider Form
   921 | D:2      | Found a stormy altar of Qazlal.
  1402 | D:2      | Reached XP level 4. HP: 28/35 MP: 7/7
  1528 | D:2      | Reached skill level 5 in Unarmed Combat
  2046 | D:3      | Found a snail-covered altar of Cheibriados.
  2256 | D:3      | Found a basalt altar of Yredelemnul.
  2339 | D:3      | Reached XP level 5. HP: 39/40 MP: 8/8
  2349 | D:3      | Reached skill level 6 in Unarmed Combat
  2370 | D:3      | Found a sparkling altar of Nemelex Xobeh.
  2606 | D:3      | Learned a level 4 spell: Ice Form
  3038 | D:4      | Found a sand-covered staircase.
  3099 | D:4      | Reached XP level 6. HP: 26/47 MP: 6/9
  3110 | D:4      | Reached skill level 7 in Unarmed Combat
  3113 | D:4      | HP: 2/70 [orc priest/divine providence (9)]
  3282 | Ossuary  | Entered an ossuary
  3435 | Ossuary  | Slain by a mummy

Skill      XL: |  1  2  3  4  5  6 |
---------------+-------------------+-----
Unarmed Combat | 4 5 6 7 |  7.7
Fighting       | |  1.1
Dodging        | |  1.7
Spellcasting   | |  2.0
Transmutations | |  2.0

Action                   |  1- 3 |  4- 6 || total
-------------------------+-------+-------++-------
Melee: Unarmed           |   135 |   188 ||   323
       Kick              |    18 |    10 ||    28
       Tailslap          |     9 |    14 ||    23
       Punch             |     2 |       ||     2
       Headbutt          |     1 |     4 ||     5
 Cast: Beastly Appendage |    20 |    19 ||    39
       Spider Form       |     1 |     3 ||     4
  Use: Potion            |     2 |     4 ||     6
       Scroll            |       |     4 ||     4
 Stab: Sleeping          |     1 |       ||     1
  Eat: Chunk             |     2 |     8 ||    10
Armor: Skin              |    33 |    58 ||    91
Dodge: Dodged            |    80 |   105 ||   185
